 Dungeon Crawl Stone Soup version 0.18.1-48-g4cf74bf (webtiles) character file.

157 Alarkh the Slasher (level 5, -1/38 HPs)
             Began as a Mummy Skald on Sept 13, 2016.
             Killed from afar by an orc wizard (8 damage)
             ... with a magic dart
             ... on level 3 of the Dungeon.
             The game lasted 00:03:59 (2880 turns).

Alarkh the Slasher (Mummy Skald)                    Turns: 2880, Time: 00:03:59

Health: -1/38      AC:  4    Str: 15    XL:     5   Next: 15%
Magic:  3/8        EV: 11    Int: 12    God:
Gold:   168        SH:  0    Dex: 12    Spells: 3 memorised, 3 levels left

rFire  x . .     SeeInvis .     a - +1 falchion
rCold  + . .     Gourm    .     b - +0 leather armour
rNeg   + + +     Faith    .     (no shield)
rPois  ∞         Spirit   .     f - +0 helmet
rElec  .         Dismiss  .     (no cloak)
rCorr  .         Reflect  .     (no gloves)
SustAt .         Harm     .     (no boots)
MR     .....                    (no amulet)
Stlth  +.........               (no ring)
                                (no ring)

@: not resistant to hostile enchantments, very unstealthy
A: no food or potions, fire vulnerability, cold resistance 1, negative energy
resistance 3, torment resistance, unbreathing
a: no special abilities


You were on level 3 of the Dungeon.
You were not hungry.

You visited 1 branch of the dungeon, and saw 3 of its levels.

You collected 168 gold pieces.

Inventory:

Hand Weapons
 a - a +1 falchion (weapon)
Armour
 b - a +0 leather armour (worn)
 f - a +0 helmet (worn)
Scrolls
 d - 3 scrolls of identify {unknown}
 e - a scroll of enchant weapon
 g - a scroll of fear {unknown}
Books
 c - a book of Battle

   Spells                             Type                      Level
   a - Infusion                       Charms                       1
   b - Shroud of Golubria             Charms/Translocation         2
   c - Song of Slaying                Charms                       2
   d - Spectral Weapon                Hexes/Charms                 3
   e - Regeneration                   Charms/Necromancy            3


   Skills:
 - Level 2.0 Fighting
 * Level 4.0 Long Blades
 - Level 0.7 Armour
 - Level 0.7 Dodging
 + Level 2.5 Spellcasting
 + Level 2.6 Charms


You had 3 spell levels left.
You knew the following spells:

 Your Spells              Type           Power        Failure   Level  Hunger
a - Infusion              Chrm           #...         12%         1    N/A
b - Shroud of Golubria    Chrm/Tloc      #.........   34%         2    N/A
c - Spectral Weapon       Hex/Chrm       #.......     69%         3    N/A

Dungeon Overview and Level Annotations

Branches:
Dungeon (3/15)

Altars:
Dithmenos
Elyvilon
Gozag
Nemelex Xobeh
Ru

Annotations:
D:2 Crazy Yiuf


Innate Abilities, Weirdness & Mutations

You do not eat or drink.
Your flesh is vulnerable to fire.
You are immune to poison.
Your flesh is cold resistant.
You are immune to negative energy.
You are immune to unholy pain and torment.
You can survive without breathing.


Message History

You hit the orc wizard.
The orc wizard is almost dead.
The orc wizard hits you but does no damage.
The orc wizard mumbles some strange words.
The orc wizard blinks!
Items here: (( ) [ † a hand axe; a leather armour; 3 tomahawks; 2 stones; an orc corpse The orc wizard is no longer moving quickly.
The orc wizard mumbles some strange words.
The orc wizard seems to speed up.
Items here: ( )) [[ †† A giant newt comes into view.
The orc wizard points at you and mumbles some strange words.
The magic dart hits you!
The orc wizard gestures at you while chanting.
The magic dart hits you!
* * * LOW HITPOINT WARNING * * *
The orc wizard points at you and mumbles some strange words.
The magic dart hits you!
You die...

... #...##.#.#
###.##.#.##.#.#
..........##.#..
####....†.##.#..
...........#.#
######.#..#.#
#...#o...#
#)###.#..#
#####)###.#.@#
#.....o.#.####
........#.#.#
####.####.#.#####.
#.#...........l. #
######.#####.#
.... #.#.# #.#...


You could see an orc wizard.

Vanquished Creatures
  Robin (D:2)
  A gnoll (D:1)
  2 adders
  3 worms
  3 dart slugs
  A giant gecko (D:2)
  12 orcs (D:3)
  4 bats
  4 giant cockroaches
  18 goblins
  8 hobgoblins
  10 jackals
  2 quokkas (D:2)
  3 kobolds
  9 rats
81 creatures vanquished.

Notes
Turn   | Place    | Note
--------------------------------------------------------------
     0 | D:1      | Alarkh the Mummy Skald began the quest for the Orb.
     0 | D:1      | Reached XP level 1. HP: 16/16 MP: 3/3
     2 | D:1      | Noticed a merfolk
     2 | D:1      | Noticed a troll
     4 | D:1      | Noticed an elf
     4 | D:1      | Noticed a dwarf
     6 | D:1      | Noticed a demonspawn
     8 | D:1      | Noticed a draconian
    10 | D:1      | Noticed a tengu
    10 | D:1      | Noticed an ogre
    13 | D:1      | Noticed a vine stalker
    13 | D:1      | Noticed a formicid
    15 | D:1      | Noticed a halfling
    15 | D:1      | Noticed an octopode
    17 | D:1      | Noticed a minotaur
    17 | D:1      | Noticed a human
    19 | D:1      | Noticed a centaur
    19 | D:1      | Noticed a demigod
    21 | D:1      | Noticed a gargoyle
    21 | D:1      | Noticed a spriggan
    23 | D:1      | Noticed a naga
    25 | D:1      | Noticed a vampire
    27 | D:1      | Noticed a felid
    27 | D:1      | Noticed a ghoul
    53 | D:1      | Reached skill level 2 in Long Blades
    60 | D:1      | Reached XP level 2. HP: 9/22 MP: 0/5
   419 | D:1      | Reached XP level 3. HP: 4/27 MP: 4/6
   758 | D:1      | Reached skill level 3 in Long Blades
   876 | D:2      | Found an opulent altar of Gozag.
   876 | D:2      | Found a sparkling altar of Nemelex Xobeh.
   988 | D:2      | Found a shadowy altar of Dithmenos.
  1225 | D:2      | Found a white marble altar of Elyvilon.
  1230 | D:2      | Found a sacrificial altar of Ru.
  1439 | D:2      | Noticed Crazy Yiuf
  1489 | D:1      | Learned a level 2 spell: Shroud of Golubria
  1493 | D:1      | Learned a level 3 spell: Spectral Weapon
  1544 | D:1      | Reached XP level 4. HP: 28/33 MP: 3/7
  1699 | D:2      | Noticed Robin
  1950 | D:2      | Killed Robin
  2540 | D:3      | Reached skill level 4 in Long Blades
  2614 | D:3      | Reached XP level 5. HP: 27/38 MP: 3/8
  2880 | D:3      | Killed from afar by an orc wizard

Skill      XL: |  1  2  3  4 |
---------------+-------------+-----
Long Blades    | 2 3 4 |  4.0
Fighting       | |  2.0
Armour         | |  0.7
Dodging        | |  0.7
Spellcasting   | |  2.5
Charms         | |  2.6

Action                   |  1- 3 |  4- 6 || total
-------------------------+-------+-------++-------
Melee: Falchion          |   113 |   122 ||   235
 Cast: Infusion          |    18 |    17 ||    35
       Spectral Weapon   |       |     1 ||     1
  Use: Scroll            |     2 |       ||     2
Armor: Leather armour    |    30 |    36 ||    66
Dodge: Dodged            |    66 |    69 ||   135
